 Dungeon Crawl Stone Soup version 0.29-a0-334-gb41bcbb86e (webtiles) character file.

Game seed: 3850014580256911220

25519 spaghetti the Hasty (level 12, -13/87 HPs)
             Began as a Demonspawn Air Elementalist on Apr 13, 2022.
             Was a Priest of Cheibriados (penitent).
             Killed from afar by a raiju (15 damage)
             ... with a living lightning
             ... on level 2 of the Abyss.
             The game lasted 00:38:26 (16444 turns).

spaghetti the Hasty (Demonspawn Air Elementalist)  Turns: 16444, Time: 00:38:26

Health: -13/87     AC: 29    Str: 10      XL:     12   Next: 90%
Magic:  23/23      EV: -1    Int: 12 (19) God:    Cheibriados [***...]
Gold:   498        SH: 16    Dex: 21      Spells: 14/17 levels left

rFire   . . .      SeeInvis .   a - +2 long sword (distort) {!wlong}
rCold   + + +      Faith    .   X - +1 kite shield {rC+}
rNeg    . . .      Spirit   .   g - +0 crystal plate armour {rC+} {rare=g}
rPois   +          Reflect  .   O - +2 hat
rElec   .          Harm     .   e - +0 cloak "Sideaceb" {*Slow rC+++ Regen+ Int-2}
rCorr   .          Rampage  .   n - +0 pair of gloves
Will    .....                   s - +0 pair of boots
Stlth   ..........              (no amulet)
HPRegen 1.04/turn               q - +4 ring of protection
MPRegen 0.18/turn               y - +6 ring of dexterity

@: mighty, hasted, invisible, slow
A: thin skeletal structure 1, condensation shield, demonic touch 2, frail 1,
poison resistance
a: Renounce Religion


You were on level 2 of the Abyss.
You worshipped Cheibriados.
Cheibriados was demanding penance.
You visited 1 branch of the dungeon, and saw 11 of its levels.
You visited the Abyss 1 time.
You also visited: Ice Cave.

You collected 697 gold pieces.
You spent 199 gold pieces at shops.


Innate Abilities, Weirdness & Mutations

You have a somewhat thin skeletal structure. (Dex +2, Stealth+)
A meltable shield of frost defends you. (SH +4)
Your touch may inflict irresistible damage on your foes.
You are frail. (-10% HP)
Your system is resistant to poisons. (rPois)


   Skills:
 - Level 10.0 Fighting
 + Level 5.0 Throwing
 - Level 8.3 Armour
 - Level 8.3 Dodging
 - Level 1.7 Stealth
 + Level 6.7 Shields
 - Level 3.0 Spellcasting
 - Level 1.0 Conjurations
 - Level 2.6 Air Magic
 - Level 15.0 Invocations


You had 14 spell levels left.
You knew the following spells:

 Your Spells              Type           Power      Damage    Failure   Level
a - Shock                 Conj/Air       24%        1d4       100%        1
b - Static Discharge      Conj/Air       6%         N/A       100%        2

Your spell library contained the following spells:

 Spells                   Type           Power      Damage    Failure   Level
 Sting                    Tmut/Pois      4%         1d3       100%        1
 Poisonous Vapours        Pois/Air       10%        N/A       100%        2
 Dazzling Flash           Conj/Hex       6%         N/A       100%        3
 Portal Projectile        Hex/Tloc       2%         N/A       100%        3
 Swiftness                Air            8%         N/A       100%        3
 Airstrike                Air            4%         N/A       100%        4
 Fulminant Prism          Conj/Hex       1%         3d6       100%        4
 Iskenderun's Mystic Bla  Conj/Tloc      3%         2d3       100%        4
 Olgreb's Toxic Radiance  Pois           1%         N/A       100%        4
 Agony                    Necr           1%         N/A       100%        5
 Blade Hands              Tmut           0%         N/A       100%        5
 Excruciating Wounds      Necr           0%         N/A       100%        5
 Lee's Rapid Deconstruct  Erth           0%         3d5*      100%        5
 Silence                  Hex/Air        2%         N/A       100%        5

Inventory:

Hand Weapons
 a - a +2 long sword of distortion (weapon) {!wlong}
   (You took it off Maggie on level 8 of the Dungeon)
Missiles
 p - 518 stones (quivered) {throwing}
 v - 13 poisoned darts {throwing}
Armour
 e - the +0 cloak "Sideaceb" (worn) {*Slow rC+++ Regen+ Int-2}
   (You bought it in a shop on level 8 of the Dungeon)

   Int:       It affects your intelligence (-2).
   rC:        It renders you almost immune to cold.
   Regen:     It increases your rate of health regeneration.
   *Slow:     It may slow you when you take damage.
 g - a +0 crystal plate armour of cold resistance (worn) {rare=g}
   (You found it in an ice cave)
 n - a +0 pair of gloves (worn)
   (You found it on level 1 of the Dungeon)
 s - a +0 pair of boots (worn)
   (You found it on level 2 of the Dungeon)
 O - a +2 hat (worn)
   (You found it on level 7 of the Dungeon)
 X - a +1 kite shield of cold resistance (worn)
   (You found it in an ice cave)
Jewellery
 q - a +4 ring of protection (left hand)
   (You found it on level 2 of the Dungeon)
 y - a +6 ring of dexterity (right hand)
   (You found it on level 4 of the Dungeon)
 T - an amulet of magic regeneration {@e2}
   (You found it on level 9 of the Dungeon)
Wands
 D - a wand of acid (5)
   (You found it on level 5 of the Dungeon)
 Q - a wand of charming (15)
   (You found it on level 8 of the Dungeon)
 S - a wand of flame (25)
   (You found it on level 9 of the Dungeon)
 U - a wand of digging (1)
   (You found it on level 11 of the Dungeon)
 W - a wand of iceblast (2)
   (You found it in an ice cave)
Scrolls
 d - 3 scrolls of immolation {!r!r}
 f - a scroll of magic mapping {!r}
 h - a scroll of holy word {!r}
 j - a scroll of enchant armour
 w - 2 scrolls of enchant weapon
 x - a scroll of brand weapon
 A - 4 scrolls of fog
 F - 3 scrolls of vulnerability {!r!r}
 I - 2 scrolls of amnesia
 M - 2 scrolls of silence {!r}
Potions
 c - a potion of flight
 k - 6 potions of haste {forbidden@q3}
 o - a potion of might
 z - 2 potions of magic
 L - a potion of brilliance
 V - a potion of resistance
Miscellaneous
 Y - a phial of floods (inert)
   (You found it in an ice cave)
 Z - a phantom mirror (inert)
   (You found it in an ice cave)

Dungeon Overview and Level Annotations

Branches:
Dungeon (11/15)            Temple (0/1) D:7            Lair (0/6) D:9
    Orc (0/2) D:10          IceCv (visited)

Altars:
Cheibriados
Qazlal
Ru
Sif Muna
Zin
The Shining One

Shops:
D:4 **   D:6 [   D:8 [

Annotations:
D:5 exclusion: door
D:10 2 transporters, 3 runed translucent doors, rabbitsville's ghost, journeyman NaVM
D:11 Psyche

.# #.# # . # ..
#.....####.##
.## . #.##..##
#..#.. ##...
..# .#...
.....#.##.....
##..#..#....###
#.# ##........#
# ...###h.#. .#
#...#.#.#@#. .
...####..h3## .
## #ยง##### #..
#. .. # #. ###


You could see a sixfirhy (can't see you) and 2 raiju.


Message History

The Executioner hits you but does no damage.
You block the Executioner's attack.
The Executioner hits you but does no damage.
The Executioner hits you!
The Executioner hits you but does no damage.
The Executioner barely misses you. ๐Ÿ˜ฎ HP[-14]
You take 14 damage, and now have 52/87 hp.
Unknown command.
You slash the Executioner!
The Executioner is devoured by a tear in reality.
The Executioner screams, "Flounder, thou tasty lunch!" ๐Ÿ˜ฎ HP[+2]
You regained 2 hp, and now have 54/87 hp.
You start resting.
A sixfirhy comes into view. ๐Ÿ˜ฎ HP[+4] MP[+1]
You regained 4 hp, and now have 58/87 hp. ๐Ÿ˜ฎ HP[+2]
You regained 2 hp, and now have 60/87 hp.
The sixfirhy hits you! The sixfirhy shocks you! The sixfirhy hits you.
* * * LOW HITPOINT WARNING * * *
The sixfirhy shocks you!
* * * LOW HITPOINT WARNING * * *
You block the sixfirhy's attack.
The sixfirhy hits you but does no damage. ๐Ÿ˜จ HP[-26] MP[+1]
You take 26 damage, and now have 34/87 hp.
MASSIVE DAMAGE!! (PAUSE)
You catch the helpless sixfirhy completely off-guard!
You hit the sixfirhy.
Space warps around the sixfirhy.
The sixfirhy hits you but does no damage. x2
You block the sixfirhy's attack.
A raiju comes into view. ๐Ÿ˜จ HP[+2]
You regained 2 hp, and now have 36/87 hp.
You closely miss the sixfirhy.
The raiju barks! ๐Ÿ˜จ HP[+2]
You regained 2 hp, and now have 38/87 hp.
You barely miss the sixfirhy. You block the sixfirhy's attack.
The sixfirhy hits you.
* * * LOW HITPOINT WARNING * * *
The sixfirhy shocks you!
* * * LOW HITPOINT WARNING * * *
The sixfirhy hits you but does no damage.
You block the sixfirhy's attack. The sixfirhy hits you.
* * * LOW HITPOINT WARNING * * *
The sixfirhy shocks you!
* * * LOW HITPOINT WARNING * * *
The sixfirhy barely misses you. ๐Ÿ˜ฑ HP[-29] MP[+1]
You take 29 damage, and now have 9/87 hp.
MASSIVE DAMAGE!! (PAUSE)
Your mp is fully restored (23).
Okay, then.
Okay, then.
Okay, then.
You block the sixfirhy's attack. ๐Ÿ˜ฑ HP[+2]
You regained 2 hp, and now have 11/87 hp.
Unknown command.
Okay, then.
Okay, then.
Really quaff the potion of haste?
This action would place you under penance!
Okay, then.
Okay, then.
Really quaff the potion of haste?
This action would place you under penance!
You feel yourself speed up.
Cheibriados thinks you should slow down.
You feel extremely guilty.
Cheibriados lowers the support of your attributes as your movement quickens. "You will pay for your transgression, mortal!"
A raiju comes into view. ๐Ÿ˜ฑ HP[+1] Unknown command.
Unknown command.
Unknown command.
Unknown command.
Unknown command.
You miss the sixfirhy.
The sixfirhy hits you but does no damage. x2
You block the sixfirhy's attack.
The raiju bursts into living lightning!
The living lightning hits the sixfirhy.
The sixfirhy completely resists.
The living lightning hits you but does no damage.
The raiju blinks! x3
The raiju bursts into living lightning!
The living lightning hits you.
* * * LOW HITPOINT WARNING * * *
The raiju blinks!
The sixfirhy hits you but does no damage.
The raiju bursts into living lightning!
The living lightning misses the sixfirhy.
The living lightning hits you!
* * * LOW HITPOINT WARNING * * *
The raiju blinks! x2
The raiju bursts into living lightning!
The living lightning hits you!
You die...

Skill      XL: |  1  2  3  4  5  6  7  8  9 10 11 12 |
---------------+-------------------------------------+-----
Spellcasting   | 3 |  3.0
Invocations    | 1 3 5 7 10 11 12 15 | 15.0
Fighting       | 1 7 10 | 10.0
Dodging        | 6 8 |  8.3
Armour         | 8 |  8.3
Shields        | 6 |  6.7
Throwing       | 5 |  5.0
Stealth        | |  1.7
Conjurations   | |  1.0
Air Magic      | |  2.6

Action                   |  1- 3 |  4- 6 |  7- 9 | 10-12 || total
-------------------------+-------+-------+-------+-------++-------
Melee: Unarmed           |    13 |       |       |       ||    13
       Staff             |       |    32 |       |       ||    32
       Touch             |       |    10 |    31 |    42 ||    83
       Spear             |       |     4 |   138 |    18 ||   160
       Long sword        |       |       |       |   473 ||   473
       Punch             |       |       |       |     6 ||     6
 Fire: Hunting sling     |    59 |    20 |       |       ||    79
Throw: Dart              |       |       |     5 |       ||     5
       Stone             |       |       |       |    20 ||    20
       Throwing net      |       |       |       |     2 ||     2
 Cast: Shock             |    56 |    51 |   143 |   179 ||   429
       Static Discharge  |     5 |    21 |    45 |    53 ||   124
Invok: Slouch            |       |     1 |     2 |    11 ||    14
       Bend Time         |       |       |       |     2 ||     2
       Temporal Distorti |       |       |       |     1 ||     1
Evoke: Wand              |       |       |       |    17 ||    17
       Phial of floods   |       |       |       |     1 ||     1
       Phantom mirror    |       |       |       |     1 ||     1
  Use: Potion            |       |     4 |     1 |    20 ||    25
       Scroll            |       |     2 |     8 |    20 ||    30
 Stab: Sleeping          |       |       |     5 |     1 ||     6
       Distracted        |       |       |       |     2 ||     2
       Invisible         |       |       |       |     1 ||     1
Armor: Robe              |    12 |    20 |    74 |     4 ||   110
       Skin              |       |     4 |       |     7 ||    11
       Acid dragon scale |       |       |       |   143 ||   143
       Crystal plate arm |       |       |       |   317 ||   317
Dodge: Dodged            |    34 |    46 |   120 |   438 ||   638
Block: Kite shield       |       |       |       |   356 ||   356
       Other             |       |       |       |     5 ||     5

Levels and vault maps discovered:
D:1:      onia_arrival_pyramid, layout_loops_ring, basic_ecumenical_altar,
          serial_park_tiny_2
D:2:      layout_loops_cross, basic_altar, kennysheep_doodads
D:3:      layout_rooms
D:4:      layout_basic, zin_purify, gammafunk_temple_overflow_wave,
          serial_shops, nicolae_shop_advertising_works
          [nicolae_subvault_shop_adworks], uniq_pikel
D:5:      layout_gridville, nicolae_ru_great_annihilating_truth, uniq_edmund
D:6:      layout_basic, serial_shops, shop_fountains, nrook_mini_vaults,
          grunt_ministairs_10, uniq_sigmund
D:7:      layout_basic, minmay_temple_entry_junction, the_hattery
D:8:      layout_loops_cross, serial_shops, shop, enter_ossuary_2,
          uniq_gastronok, uniq_grum, uniq_maggie
D:9:      layout_rooms, dpeg_oklobed_lair, minmay_increasing_density
D:10:     gammafunk_worm_tunnel, layout_basic, zombieorc2_lemuel,
          gammafunk_ghost_nasty_kobolds
D:11:     minmay_chambers_of_sevens, layout_loops_corners,
          portal_ice_cave_entry_pillars_2, nicolae_dithmenos_shadow_blocks,
          uniq_psyche
Abyss:2:  base: D:9, guppyfry_abyss_exit_imp_island

Notes
Turn   | Place    | Note
-------+----------+-------------------------------------------
     0 | D:1      | spaghetti the Demonspawn Air Elementalist began the quest
                  | for the Orb.
     0 | D:1      | Reached XP level 1. HP: 13/13 MP: 3/3
     0 | D:1      | magus.rc [v1.9.6]
   393 | D:1      | Gained mutation: Your touch may inflict minor irresistible
                  | damage on your foes. [demonic ancestry]
   393 | D:1      | Reached XP level 2. HP: 18/19 MP: 3/5
   635 | D:1      | Found a faded altar of an unknown god.
   702 | D:1      | Reached skill level 3 in Spellcasting
   715 | D:1      | Prayed at the altar of an unknown god.
   715 | D:1      | Became a worshipper of Cheibriados the Contemplative
   715 | D:1      | Reached * piety under Cheibriados
   951 | D:1      | Reached skill level 1 in Invocations
  1336 | D:2      | Reached XP level 3. HP: 24/24 MP: 4/7
  1342 | D:2      | Reached skill level 2 in Invocations
  1345 | D:2      | Learned a level 2 spell: Static Discharge
  1348 | D:2      | Reached ** piety under Cheibriados
  1671 | D:2      | Reached skill level 3 in Invocations
  2068 | D:2      | Reached XP level 4. HP: 24/30 MP: 3/8
  2149 | D:2      | Found a stormy altar of Qazlal.
  2767 | D:3      | Reached skill level 4 in Invocations
  2819 | D:3      | HP: 7/30 [/static electricity (2)]
  2820 | D:3      | HP: 2/30 [gnoll/+0 spear (5)]
  2825 | D:3      | Reached skill level 5 in Invocations
  3121 | D:3      | Reached *** piety under Cheibriados
  3122 | D:3      | Gained mutation: Your touch may inflict irresistible damage
                  | on your foes. [demonic ancestry]
  3122 | D:3      | Reached XP level 5. HP: 30/35 MP: 0/9
  3236 | D:3      | Reached skill level 6 in Invocations
  3620 | D:3      | Reached skill level 7 in Invocations
  3620 | D:3      | Reached XP level 6. HP: 37/41 MP: 4/11
  3953 | D:4      | Found a shimmering blue altar of Sif Muna.
  4087 | D:4      | Reached skill level 8 in Invocations
  4089 | D:4      | Found Zin's Purification Station.
  4283 | D:4      | Reached **** piety under Cheibriados
  4288 | D:4      | Noticed Pikel
  4299 | D:4      | Killed Pikel
  4300 | D:4      | Reached skill level 10 in Invocations
  4300 | D:4      | Reached XP level 7. HP: 42/46 MP: 4/15
  4508 | D:4      | Reached skill level 11 in Invocations
  4589 | D:4      | Found Soathru's Assorted Antiques.
  4752 | D:4      | You pick up a book of Weapons and begin reading...
  4752 | D:4      | You add the spells Portal Projectile, Excruciating Wounds
                  | and Blade Hands to your library.
  5028 | D:5      | Entered Level 5 of the Dungeon
  5378 | D:5      | Found a sacrificial altar of Ru.
  5513 | D:5      | Reached skill level 1 in Fighting
  5513 | D:5      | Reached XP level 8. HP: 52/54 MP: 13/16
  5665 | D:5      | Reached skill level 2 in Fighting
  5835 | D:5      | Reached skill level 3 in Fighting
  5893 | D:5      | Noticed Edmund
  5910 | D:5      | Killed Edmund
  5911 | D:5      | Reached skill level 4 in Fighting
  6305 | D:5      | Reached skill level 5 in Fighting
  6692 | D:6      | Reached skill level 6 in Fighting
  6853 | D:6      | Found Xorgh's Antique Armour Emporium.
  6883 | D:6      | Reached skill level 7 in Fighting
  6884 | D:6      | Reached ***** piety under Cheibriados
  6889 | D:6      | HP: 16/67 [steam dragon (3)]
  6892 | D:6      | Reached XP level 9. HP: 18/72 MP: 10/17
  7182 | D:6      | Noticed Sigmund
  7197 | D:6      | Killed Sigmund
  7198 | D:6      | Reached skill level 8 in Fighting
  7500 | D:6      | You add the spells Sting, Poisonous Vapours and Olgreb's
                  | Toxic Radiance to your library.
  7698 | D:7      | Found a staircase to the Ecumenical Temple.
  7818 | D:7      | Reached skill level 9 in Fighting
  8347 | D:7      | You pick up a book of the Senses and begin reading...
  8347 | D:7      | You add the spells Dazzling Flash, Agony and Silence to
                  | your library.
  8387 | D:7      | Noticed a green ugly thing
  8399 | D:7      | Killed a green ugly thing
  8400 | D:7      | Reached skill level 10 in Fighting
  8400 | D:7      | Reached skill level 12 in Invocations
  9271 | D:8      | Gained mutation: You have a somewhat thin skeletal
                  | structure. (Dex +2, Stealth+) [demonic ancestry]
  9271 | D:8      | Reached XP level 10. HP: 74/85 MP: 1/19
  9271 | D:8      | Noticed Maggie
  9273 | D:8      | Noticed Grum
  9274 | D:8      | Reached skill level 13 in Invocations
  9282 | D:8      | Killed Maggie
  9286 | D:8      | Killed Grum
  9330 | D:8      | Noticed Gastronok
  9342 | D:8      | HP: 18/85 [Gastronok/the air (13)]
  9349 | D:8      | Killed Gastronok
  9350 | D:8      | Reached skill level 15 in Invocations
  9612 | D:8      | Reached skill level 2 in Dodging
  9646 | D:8      | Found Yplafam's Antique Armour Shop.
  9654 | D:8      | Bought a scorched cloak for 199 gold pieces
  9654 | D:8      | Identified the +0 cloak "Sideaceb" {*Slow rC+++ Regen+
                  | Int-2} (You bought it in a shop on level 8 of the Dungeon)
  9794 | D:8      | Paralysed by a hornet for 1 turns
  9796 | D:8      | Reached skill level 3 in Dodging
 10531 | D:9      | Reached skill level 4 in Dodging
 10763 | D:9      | Reached skill level 5 in Dodging
 10908 | D:9      | Paralysed by a hornet for 3 turns
 11274 | D:9      | Found a staircase to the Lair.
 11445 | D:9      | Reached skill level 6 in Dodging
 11472 | D:9      | HP: 20/85 [poisoned by an orc wizard]
 11477 | D:9      | HP: 14/85 [poisoned by an orc wizard]
 11482 | D:9      | HP: 11/85 [poisoned by an orc wizard]
 11901 | D:9      | You pick up a book of Air and begin reading...
 12014 | D:10     | Entered Level 10 of the Dungeon
 12067 | D:10     | Found a transporter.
 12080 | D:10     | Reached XP level 11. HP: 57/90 MP: 15/22
 12437 | D:10     | Reached skill level 7 in Dodging
 12711 | D:10     | Found a transporter.
 13195 | D:10     | Found a staircase to the Orcish Mines.
 13254 | D:10     | Found a runed translucent gate.
 13254 | D:10     | Found a runed translucent gate.
 13254 | D:10     | Found a runed translucent gate.
 13258 | D:10     | Noticed rabbitsville's ghost (journeyman NaVM)
 13535 | D:10     | Reached skill level 8 in Dodging
 13560 | D:10     | You pick up a book of Blasting and begin reading...
 13560 | D:10     | You add the spells Fulminant Prism, Iskenderun's Mystic
                  | Blast and Lee's Rapid Deconstruction to your library.
 13795 | D:11     | Found a frozen archway.
 13817 | IceCv    | Entered an ice cave
 13836 | IceCv    | Reached skill level 1 in Armour
 13847 | IceCv    | Reached skill level 2 in Armour
 13974 | IceCv    | Noticed a death yak
 13975 | IceCv    | Noticed a death yak
 13983 | IceCv    | Killed a death yak
 13984 | IceCv    | Reached skill level 3 in Armour
 13992 | IceCv    | Killed a death yak
 13993 | IceCv    | Reached skill level 4 in Armour
 14121 | IceCv    | Reached skill level 5 in Armour
 14143 | IceCv    | Reached skill level 6 in Armour
 14226 | IceCv    | Reached skill level 7 in Armour
 14316 | IceCv    | Noticed a death yak
 14321 | IceCv    | Noticed a death yak
 14327 | IceCv    | Killed a death yak
 14338 | IceCv    | Banished a death yak
 14339 | IceCv    | Reached skill level 8 in Armour
 14339 | IceCv    | Gained mutation: A meltable shield of frost defends you.
                  | (SH +4) [demonic ancestry]
 14339 | IceCv    | Reached XP level 12. HP: 51/97 MP: 7/23
 14639 | IceCv    | Noticed a frost giant
 14647 | IceCv    | Reached skill level 1 in Shields
 14656 | IceCv    | Reached skill level 2 in Shields
 14657 | IceCv    | Killed a frost giant
 14658 | IceCv    | Reached skill level 3 in Shields
 14661 | IceCv    | Reached skill level 4 in Shields
 14794 | IceCv    | Identified a +0 crystal plate armour of cold resistance
 14795 | IceCv    | g - a +0 crystal plate armour of cold resistance {rare=g}
 14806 | IceCv    | You finish putting on your +0 crystal plate armour of cold
                  | resistance {rare=g}.
 15028 | D:11     | Reached skill level 1 in Throwing
 15062 | D:11     | Noticed a two-headed ogre
 15062 | D:11     | Noticed an eight-headed hydra
 15066 | D:11     | Killed an eight-headed hydra
 15066 | D:11     | Killed a two-headed ogre
 15067 | D:11     | Reached skill level 2 in Throwing
 15067 | D:11     | Reached skill level 5 in Shields
 15072 | D:11     | Reached skill level 3 in Throwing
 15196 | D:11     | Noticed a tengu warrior
 15226 | D:11     | Banished a tengu warrior
 15235 | D:11     | Reached skill level 4 in Throwing
 15235 | D:11     | Reached skill level 6 in Shields
 15235 | D:11     | Noticed a tengu warrior
 15235 | D:11     | Noticed a centaur warrior
 15250 | D:11     | Killed a tengu warrior
 15257 | D:11     | Killed a centaur warrior
 15497 | D:11     | Noticed Psyche
 15500 | D:11     | Reached skill level 5 in Throwing
 15503 | D:11     | your +0 crystal plate armour of cold resistance {rare=g}
                  | melds into your body.
 15507 | D:11     | HP: 18/97 [something (17)]
 15507 | D:11     | HP: 5/97 [something (5)]
 15528 | D:11     | your +0 crystal plate armour of cold resistance {rare=g}
                  | unmelds from your body.
 15536 | D:11     | You are cast into the Abyss!
 15536 | D:11     | Cast into level 1 of the Abyss (Psyche)
 15716 | Abyss:2  | Noticed a white draconian stormcaller
 16103 | Abyss:2  | HP: 24/97 [wretched star/lance of force (28)]
 16243 | Abyss:2  | Gained mutation: You are frail. (-10% HP) [a neqoxec]
 16253 | Abyss:2  | Gained mutation: Your system is resistant to poisons.
                  | (rPois) [a neqoxec]
 16427 | Abyss:2  | Noticed an Executioner
 16432 | Abyss:2  | Banished an Executioner
 16441 | Abyss:2  | HP: 21/87 [sixfirhy (2)]
 16441 | Abyss:2  | HP: 9/87 [sixfirhy (12)]
 16443 | Abyss:2  | Was placed under penance by Cheibriados
 16444 | Abyss:2  | HP: 2/87 [raiju/living lightning (10)]
 16444 | Abyss:2  | Killed from afar by a raiju

Vanquished Creatures
  Gastronok (D:8)
  A frost giant (IceCv)
  A hydra (D:11)
  A centaur warrior (D:11)
  A two-headed ogre (D:11)
  3 death yaks (IceCv)
  A tengu warrior (D:11)
  A skeletal warrior (D:11)
  A sixfirhy (Abyss:1)
  Pikel (D:4)
  3 ugly things
  2 cyclopes (D:11)
  An orange demon (Abyss:2)
  A smoke demon (Abyss:2)
  2 unseen horrors
  A rime drake (IceCv)
  An efreet (Abyss:2)
  An ancient zyme (Abyss:2)
  2 komodo dragons (D:11)
  2 trolls (D:11)
  A hellwing (Abyss:2)
  8 polar bears (IceCv)
  2 hornets
  2 blink frogs (Abyss:2)
  2 raiju (Abyss:2)
  A shadow (D:10)
  Sigmund (D:6)
  A wraith (D:7)
  A vampire (D:9)
  20 yaks
  A spriggan (D:7)
  3 wyverns
  5 small abominations (Abyss:2)
  3 steam dragons
  A chaos spawn (Abyss:2)
  A neqoxec (Abyss:2)
  A vampire mosquito (D:11)
  Edmund (D:5)
  An acid dragon (D:11)
  An orc warrior (D:10)
  2 ice beasts (D:7)
  3 sky beasts
  22 wolves
  4 centaurs
  4 bullfrogs
  2 necrophages
  2 gnoll sergeants (D:9)
  4 scorpions
  6 wights
  2 troll zombies (D:10)
  5 killer bees
  2 howler monkeys
  A crimson imp (Abyss:2)
  2 gnoll shamans
  2 hounds (D:6)
  5 orc priests
  2 jellies
  3 iguanas
  8 orc wizards
  4 ogre zombies (D:10)
  8 adders
  24 gnolls
  A white imp (D:7)
  A worm (D:2)
  A dart slug (D:2)
  26 orcs
  6 ball pythons
  13 endoplasms
  9 giant cockroaches
  4 goblins
  8 hobgoblins
  5 jackals
  5 quokkas
  A bat (D:1)
  3 frilled lizards
  2 goblin zombies (D:10)
  2 hobgoblin skeletons (D:10)
  2 hobgoblin zombies (D:10)
  8 kobolds
  3 orc skeletons (D:10)
  9 orc zombies (D:10)
  8 rats
319 creatures vanquished.

Vanquished Creatures (collateral kills)
  Maggie (D:8)
  A shadow (D:10)
  Grum (D:8)
  A wolf (D:8)
  A troll zombie (D:10)
  An ogre zombie (D:10)
  A goblin skeleton (D:10)
  A goblin zombie (D:10)
  A hobgoblin skeleton (D:10)
  An orc skeleton (D:10)
  3 orc zombies (D:10)
13 creatures vanquished.

Grand Total: 332 creatures vanquished

Table legend:
 A = Non-vault XP
 B = Vault XP
 C = Vault XP percentage of total XP
 D = Non-vault monster count
 E = Vault monster count
 F = Vault count percentage of total count
                 A         B        C        D         E       F
            +---------+---------+-------+---------+---------+-------
      Total |   10690 |   25767 |  70.7 |     223 |     122 |  35.4
            +---------+---------+-------+---------+---------+-------
        D:1 |      36 |       0 |   0.0 |      22 |       0 |   0.0
        D:2 |      76 |       0 |   0.0 |      27 |       0 |   0.0
        D:3 |     321 |       0 |   0.0 |      31 |       0 |   0.0
        D:4 |     255 |     607 |  70.4 |      18 |       1 |   5.3
        D:5 |     595 |     203 |  25.4 |      18 |       5 |  21.7
        D:6 |    1052 |     320 |  23.3 |      15 |       2 |  11.8
        D:7 |    1590 |     211 |  11.7 |      19 |       1 |   5.0
        D:8 |    1137 |    2433 |  68.2 |      13 |       7 |  35.0
        D:9 |     703 |    1076 |  60.5 |      19 |       6 |  24.0
       D:10 |    2500 |     828 |  24.9 |      16 |      36 |  69.2
       D:11 |    2425 |    6937 |  74.1 |       4 |      14 |  77.8
    Abyss:1 |       0 |       0 |   N/A |       2 |       0 |   0.0
    Abyss:2 |       0 |       0 |   N/A |      19 |       1 |   5.0
      IceCv |       0 |   13152 | 100.0 |       0 |      49 | 100.0
            +---------+---------+-------+---------+---------+-------

Illustrated notes

Table legend:
 A = Kills in this place as a percentage of kills in entire the game.
 B = Kills by you in this place as a percentage of kills by you in the entire game.
 C = Kills by friends in this place as a percentage of kills by friends in the entire game.
 D = Other kills in this place as a percentage of other kills in the entire game.
 E = Experience gained in this place as a percentage of experience gained in the entire game.
 F = Experience gained in this place divided by the number of levels of this place that you have seen.
                   A       B       C       D       E      F
               +-------+-------+-------+-------+-------+----------------------
         Total | 100.0 | 100.0 | 100.0 | 100.0 | 100.0 | 2604.1
       Dungeon |  79.4 |  80.9 | 100.0 |  23.1 |  63.9 | 2118.6
         Abyss |   6.4 |   6.0 |   0.0 |  23.1 |   0.0 |   0.0
      Ice Cave |  14.2 |  13.2 |   0.0 |  53.8 |  36.1 | 13152.0
               +-------+-------+-------+-------+-------+----------------------

Table legend: (Time is in decaauts)
 A = Elapsed time spent in this place.
 B = Non-inter-level travel time spent in this place.
 C = Inter-level travel time spent in this place.
 D = Time resting spent in this place.
 E = Time spent auto-exploring this place.
 F = Levels seen in this place.
 G = Mean time per level.
                   A        B        C        D        E       F      G
               +--------+--------+--------+--------+--------+-----+--------+
         Total |  21286 |  20710 |    576 |   4677 |  12928 |  14 | 1520.4 |
       Dungeon |  18759 |  18183 |    576 |   3928 |  12115 |  11 | 1705.4 |
         Abyss |   1188 |   1188 |      0 |    394 |    226 |   2 |  594.0 |
      Ice Cave |   1338 |   1338 |      0 |    355 |    586 |   1 | 1338.0 |
               +--------+--------+--------+--------+--------+-----+--------+

Top non-repeatable levels by time:
    D:10: 2234 daAuts
     D:5: 2106 daAuts
     D:9: 2003 daAuts
     D:7: 1958 daAuts
     D:8: 1841 daAuts
     D:2: 1762 daAuts
     D:4: 1523 daAuts
     D:3: 1470 daAuts
     D:1: 1353 daAuts
     D:6: 1353 daAuts
   IceCv: 1338 daAuts
    D:11: 1153 daAuts
 Abyss:2: 1049 daAuts
 Abyss:1: 138 daAuts
